Map: Récif abyssal EC

Players

PAVEL - Winner!

  • Race: Protoss Protoss
  • League: Gold
  • Spawn Location: 11:00

zidar

  • Race: Zerg Zerg
  • League: Gold
  • Spawn Location: 5:00

VOD

Have the link to the VOD?

Description

Time

  • Played on: July 3, 2017, 11:11 a.m.
  • Length: 10:37
Show
View Real Time Build Order
Export as new Build Order

PAVEL Protoss - Winner!

Build Orders: Zealot Archon, Dark Templar Rush 

Get SALT Encoding   

  12  0:01  Probe (Chrono Boost)  
  13  0:16  Probe (Chrono Boost)  
  13  0:20  Pylon  
  14  0:27  Probe (Chrono Boost)  
  15  0:39  Gateway  
  15  0:41  Probe (Chrono Boost)  
  16  0:47  Assimilator  
  16  0:52  Probe (Chrono Boost)  
  17  1:02  Probe (Chrono Boost)  
  18  1:13  Probe (Chrono Boost)  
  19  1:22  Assimilator  
  19  1:23  Probe (Chrono Boost)  
  20  1:29  Cybernetics Core  
  20  1:34  Zealot  
  22  1:46  Probe (Chrono Boost)  
  23  2:05  Warp Gate (Chrono Boost)  
  23  2:17  Pylon  
  23  2:18  Pylon  
  23  2:32  Pylon  
  23  2:35  Adept, Probe  
  23  2:37  Twilight Council  
  26  2:43  Gateway  
  26  2:49  Probe  
  27  3:02  Stalker  
  29  3:13  Gateway  
  29  3:16  Mothership Core  
  31  3:22  Pylon  
  31  3:47  Dark Shrine  
  31  4:05  Adept  
  31  4:06  Adept  
  35  4:20  Gateway  
  35  4:24  Forge  
  35  4:35  Nexus  
  35  4:42  Pylon  
  35  4:44  Probe  
  36  4:59  Probe  
  37  5:04  Dark Templar x2  
  37  5:06  Dark Templar  
  43  5:18  Dark Templar  
  45  5:23  Probe  
  46  5:30  Photon Cannon  
  46  5:37  Protoss Ground Weapons Level 1 (Chrono Boost)  
  46  5:38  Resonating Glaives  
  46  5:46  Probe  
  47  5:54  Probe  
  48  5:58  Dark Templar  
  50  6:09  Dark Templar  
  52  6:12  Probe x2  
  52  6:18  Assimilator  
  54  6:20  Assimilator  
  54  6:29  Pylon  
  54  6:32  Dark Templar  
  54  6:35  Probe x2  
  58  6:47  Probe x2  
  58  6:51  Photon Cannon  
  60  6:55  Dark Templar  
  62  7:11  Dark Templar  
  62  7:14  Probe x2  
  66  7:22  Shadow Stride, Protoss Ground Armor Level 1 (Chrono Boost)  
  64  7:59  Archon x2  
  64  8:14  Dark Templar  
  64  8:15  Dark Templar x3  
  56  8:48  Dark Templar x3  
  58  8:50  Probe x2  
  58  9:01  Gateway  
  56  9:07  Gateway  
  56  9:09  Gateway  
  54  9:34  Dark Templar x4  
  49  10:09  Dark Templar x2  
  49  10:10  Dark Templar  
  53  10:18  Dark Templar  
Show
View Real Time Build Order
Export as new Build Order

zidar Zerg 

Build Orders: Pool First 

Get SALT Encoding   

  12  0:02  Drone  
  13  0:13  Overlord  
  13  0:17  Drone  
  14  0:31  Drone x2  
  16  0:45  Spawning Pool  
  16  0:46  Drone  
  16  1:11  Hatchery  
  16  1:18  Drone  
  16  1:31  Extractor  
  15  1:33  Queen  
  15  1:35  Drone  
  18  1:42  Zergling x4  
  20  2:06  Drone  
  20  2:07  Overlord  
  21  2:12  Queen  
  22  2:23  Zergling x2  
  23  2:31  Drone  
  23  2:32  Metabolic Boost  
  23  2:34  Drone  
  25  2:42  Drone  
  25  2:43  Drone  
  27  3:11  Drone x5  
  32  3:13  Overlord  
  32  3:23  Drone  
  32  3:24  Roach Warren  
  31  3:34  Drone  
  31  3:35  Drone x2  
  31  3:37  Overlord  
  34  3:57  Overlord  
  34  3:59  Drone  
  34  4:00  Drone x4  
  39  4:04  Extractor  
  39  4:09  Drone  
  40  4:10  Drone x3  
  40  4:14  Overlord  
  42  4:25  Drone x4  
  45  4:56  Queen  
  47  5:02  Hatchery  
  47  5:05  Lair, Extractor  
  45  5:16  Drone x2  
  45  5:17  Drone x2  
  49  5:22  Drone  
  49  5:23  Drone  
  49  5:24  Overlord x3  
  51  5:30  Roach x4  
  59  5:47  Queen  
  61  6:10  Evolution Chamber  
  60  6:13  Evolution Chamber  
  60  6:17  Glial Reconstitution  
  59  6:20  Drone x6  
  59  6:21  Hydralisk Den  
  64  6:37  Drone x7  
  71  6:40  Overlord  
  71  6:41  Overlord x2  
  71  6:49  Extractor  
  70  7:11  Zerg Missile Weapons Level 1  
  70  7:12  Zerg Ground Armor Level 1  
  70  7:14  Muscular Augments  
  70  7:18  Hatchery  
  70  7:19  Overseer  
  70  7:20  Overseer  
  69  7:30  Drone  
  70  7:44  Pneumatized Carapace  
  39  8:07  Roach x10  
  39  8:08  Roach x8, Hydralisk x6  
Tags
 
Add a new tag
Caveats
  • Supply blocks, unpowered buildings, or Contaminate may cause inaccurate times.
  • Supply counts are checked every 10 seconds.